 Dungeon Crawl Stone Soup version 0.18-a0-1643-gb89d9db (webtiles) character file.

642 Oddball22 the Insei (level 7, -1/38 HPs)
             Began as a Vine Stalker Monk on Mar 28, 2016.
             Slain by a crocodile (12 damage)
             ... in a sewer.
             The game lasted 00:07:11 (3354 turns).

Oddball22 the Insei (Vine Stalker Monk)             Turns: 3354, Time: 00:07:12

Health: -1/38      AC:  6    Str: 11    XL:     7   Next: 51%
Magic:  0/12       EV: 14    Int: 10    God:
Gold:   141        SH:  0    Dex: 19    Spells: 0 memorised, 12 levels left

rFire  . . .     SeeInvis .     c - +4 spear
rCold  . . .     Gourm    .     i - +0 robe (curse)
rNeg   . . .     Faith    .     (no shield)
rPois  +         Spirit   +     (no helmet)
rElec  .         Dismiss  .     m - +0 cloak
rCorr  .         Reflect  .     h - +0 pair of gloves
SustAt .         Harm     .     y - +1 pair of boots of Waczil {+Inv rPois Str-2}
MR     .....                    (no amulet)
Stlth  ++........               (no ring)
                                (no ring)

@: not resistant to hostile enchantments, unstealthy
A: fangs 2, regeneration 2, magic shield, antimagic bite, no device heal 3, rot
immunity
a: Evoke Invisibility


You were in a sewer.
You were not hungry.

You visited 1 branch of the dungeon, and saw 5 of its levels.
You also visited: Sewer.

You collected 141 gold pieces.

Inventory:

Hand Weapons
 c - a +4 spear (weapon)
Missiles
 k - 29 poisoned bolts
 x - 19 bolts
Armour
 h - a +0 pair of gloves (worn)
 i - a cursed +0 robe (worn)
 m - a +0 cloak (worn)
 y - the +1 pair of boots of Waczil (worn) {+Inv rPois Str-2}
   (You found it on level 4 of the Dungeon)

   It affects your strength (-2).
   It protects you from poison.
   It lets you turn invisible.
Scrolls
 e - 2 scrolls of fear {unknown}
 l - a scroll of noise {unknown}
 s - 2 scrolls of identify {unknown}
 w - a scroll of enchant weapon {unknown}
Potions
 d - 2 potions of curing {unknown}
 g - 2 potions of haste {unknown}
 j - 2 potions of heal wounds {unknown}
 n - a potion of ambrosia {unknown}
 p - 2 potions of might {unknown}
 r - a potion of lignification {unknown}
 u - a potion of flight {unknown}
 v - a potion of mutation {unknown}
Books
 t - a book of the Warp

   Spells                             Type                      Level
   a - Recall                         Summoning/Translocation      3
   b - Gell's Gravitas                Hexes/Translocation          3
   c - Force Lance                    Conjuration/Translocation    4
   d - Warp Weapon                    Charms/Translocation         5
   e - Summon Forest                  Summoning/Translocation      5
Comestibles
 a - a royal jelly
 b - 4 bread rations
 f - a slice of pizza
 o - a meat ration
 q - 2 chunks of flesh
 z - a beef jerky


   Skills:
 + Level 4.4 Fighting
 + Level 3.8 Dodging
 - Level 2.4 Stealth
 * Level 6.2 Unarmed Combat
 + Level 3.0 Spellcasting


You had 12 spell levels left.
You didn't know any spells.

Dungeon Overview and Level Annotations

Branches:
Dungeon (5/15)
 Temple: D:4-7

Altars:
Ashenzari
Cheibriados
Gozag
Kikubaaqudgha
Okawaru
Pakellas
Qazlal
Yredelemnul


Innate Abilities, Weirdness & Mutations

You have extremely sharp teeth.
You heal very quickly.
When hurt, damage is shared between your health and your magic reserves.
Your bite disrupts and absorbs the magic of your enemies.
Potions and wands cannot restore your health.
You are immune to rotting.


Message History

You barely miss the crocodile.
The crocodile is almost dead.
The crocodile misses you.
You hit the crocodile but do no damage.
You bite the crocodile, but do no damage.
The crocodile is almost dead.
The crocodile closely misses you.
You barely miss the crocodile. Your bite misses the crocodile.
The crocodile is almost dead.
The crocodile bites you.
You barely miss the crocodile.
You bite the crocodile, but do no damage.
The crocodile is almost dead.
The crocodile barely misses you.
You barely miss the crocodile. Your bite misses the crocodile.
The crocodile is almost dead.
The crocodile bites you.
* * * LOW HITPOINT WARNING * * *
The crocodile bites you!
You die...

#...≈...## #.#
...≈≈≈...#######.#
∩.≈≈≈≈≈..........#
...≈≈≈...#######.#
#...≈...## #.#
##.....## #.#
####### ###.###
##.....##
#...@...#
#...t...#
#.......#
#.......#
#..$)$..#
##$)()$## #######


You could see a crocodile.

Vanquished Creatures
  2 ogres
  A howler monkey (D:5)
  An orc priest (D:4)
  A hound (D:5)
  4 orc wizards
  Ijyb (D:2)
  2 iguanas (D:4)
  A worker ant (D:4)
  A worker ant zombie (D:5)
  A gnoll (D:1)
  6 adders
  An ooze (D:5)
  An adder skeleton (D:4)
  3 worms
  A dart slug (D:4)
  4 giant geckos (D:5)
  9 orcs
  A bat zombie (D:3)
  2 giant cockroaches
  5 goblins
  6 hobgoblins
  3 quokkas
  9 bats
  A giant gecko skeleton (D:4)
  2 giant newts
  10 kobolds
  4 rats
  2 rat zombies (D:3)
  A bush (D:2)
86 creatures vanquished.

Notes
Turn   | Place    | Note
--------------------------------------------------------------
     0 | D:1      | Oddball22 the Vine Stalker Monk began the quest for the Orb.
     0 | D:1      | Reached XP level 1. HP: 11/11 MP: 2/2
    25 | D:1      | Reached XP level 2. HP: 16/16 MP: 3/3
   114 | D:1      | Reached skill level 1 in Spellcasting
   424 | D:1      | Reached XP level 3. HP: 19/19 MP: 5/5
   488 | D:2      | Noticed Ijyb
   497 | D:2      | Found a snail-covered altar of Cheibriados.
   659 | D:2      | Found an oddly glowing altar of Pakellas.
   799 | D:2      | Reached XP level 4. HP: 14/24 MP: 6/6
   872 | D:2      | Found an iron altar of Okawaru.
  1041 | D:2      | Killed Ijyb
  1323 | D:3      | Reached XP level 5. HP: 26/28 MP: 8/8
  1490 | D:3      | Found an opulent altar of Gozag.
  1637 | D:3      | Found an ancient bone altar of Kikubaaqudgha.
  1860 | D:3      | Reached skill level 5 in Unarmed Combat
  1903 | D:3      | Found a shattered altar of Ashenzari.
  2172 | D:4      | Gained mutation: You heal very quickly. [Vine Stalker growth]
  2172 | D:4      | Reached XP level 6. HP: 30/33 MP: 8/10
  2187 | D:4      | Found a stormy altar of Qazlal.
  2216 | D:4      | Found a basalt altar of Yredelemnul.
  2806 | D:4      | Reached XP level 7. HP: 12/37 MP: 7/11
  3101 | D:4      | Got a pair of steaming boots
  3107 | D:4      | Identified the +1 pair of boots of Waczil {+Inv rPois Str-2} (You found it on level 4 of the Dungeon)
  3200 | D:5      | Entered Level 5 of the Dungeon
  3237 | D:5      | Reached skill level 6 in Unarmed Combat
  3294 | D:5      | Found a glowing drain.
  3309 | Sewer    | Entered a sewer
  3354 | Sewer    | Slain by a crocodile

Vault maps used:
D:1:      dpeg_arrival_connections, minivault_14, amethyst_killhole
D:2:      nicolae_overflow_crystal_walls, okawaru_ov_weapons_minmay,
          cheibriados_altar_1, serial_forest, infiniplex_forest_clump_diagonal,
          infiniplex_forest_end_3, infiniplex_forest_straight_3,
          infiniplex_forest_straight_4, infiniplex_forest_end_1,
          infiniplex_forest_clump_long, infiniplex_forest_clump_diagonal,
          infiniplex_forest_clump_diagonal, infiniplex_forest_lined_2, uniq_iyjb
D:3:      cheibrodos_ashenzari_chains, lemuel_coloured_pillars_altar,
          lemuel_zombie_altar_kikubaaqudgha, first_bread
D:4:      minmay_door_path, minitemple, nrook_mini_backslash,
          minmay_misc_feat_iff
D:5:      forest_paths, kennysheep_mini_moat, tgw_sif,
          minmay_temple_entry_butterflies, portal_sewer_entry_f
Sewer:    sewer_big_baddie

Skill      XL: |  1  2  3  4  5  6  7 |
---------------+----------------------+-----
Spellcasting   | 1 2 3 |  3.0
Fighting       | 3 4 |  4.4
Dodging        | 3 |  3.8
Unarmed Combat | 5 6 |  6.2
Stealth        | |  2.4

Action                   |  1- 3 |  4- 6 |  7- 9 || total
-------------------------+-------+-------+-------++-------
Melee: Unarmed           |    60 |       |       ||    60
       Spear             |    23 |   248 |    66 ||   337
 Stab: Sleeping          |     2 |     7 |     3 ||    12
  Eat: Chunk             |       |     7 |     1 ||     8
